 Dungeon Crawl Stone Soup version 0.23-a0-208-gb6b040f (webtiles) character file.

31710 Megalobster the Severer (level 13, -2/117 HPs)
             Began as a Minotaur Berserker on Sept 24, 2018.
             Was a High Priest of Trog.
             Slain by a four-headed hydra (11 damage)
             ... on level 4 of the Lair of Beasts on Sept 25, 2018.
             The game lasted 00:54:56 (15416 turns).

Megalobster the Severer (Minotaur Berserker)       Turns: 15416, Time: 00:54:57

Health: -2/117     AC: 19    Str: 27    XL:     13   Next: 27%
Magic:  17/17      EV: 13    Int:  4    God:    Trog [*****.]
Gold:   984        SH:  0    Dex: 13    Spells: 12/12 levels left

rFire    + . .     SeeInvis .   a - +7 executioner's axe (freeze)
rCold    + . .     Gourm    .   (shield currently unavailable)
rNeg     . . .     Faith    +   V - +1 plate armour {rPois}
rPois    +         Spirit   .   (helmet restricted)
rElec    .         Reflect  .   L - scarf {rC+ rF+}
rCorr    +         Harm     .   Q - +2 pair of gloves {Dex+3}
MR       +....                  (no boots)
Stlth    ..........             i - amulet of faith
HPRegen  0.29/turn              I - ring of resist corrosion
MPRegen  0.15/turn              F - ring of protection from magic

@: no status effects
A: retaliatory headbutt, horns 2
a: Berserk, Trog's Hand, Brothers in Arms, Renounce Religion


You were on level 4 of the Lair of Beasts.
You worshipped Trog.
Trog was extremely pleased with you.
You were not hungry.

You visited 2 branches of the dungeon, and saw 16 of its levels.
You also visited: Labyrinth and Bailey.

You collected 984 gold pieces.

Inventory:

Hand Weapons
 a - a +7 executioner's axe of freezing (weapon)
 b - a +0 morningstar of flaming
 Z - a +5 flail of draining
Missiles
 h - 527 stones (quivered)
 v - 122 sling bullets
 D - 4 steel tomahawks
 H - 17 javelins of returning
 N - 4 tomahawks
Armour
 L - a scarf of resistance (worn)
 O - the +0 leather armour "Trusted Companion" {rPois Regen+ Int+3 Slay+2}
   (You found it in a labyrinth)

   It affects your intelligence (+3).
   It affects your accuracy and damage with ranged weapons and melee attacks
   (+2).
   It protects you from poison.
   It increases your rate of regeneration.
 P - a +2 cloak of invisibility
 Q - a +2 pair of gloves of dexterity (worn)
 V - a +1 plate armour of poison resistance (worn)
Jewellery
 f - an uncursed ring of see invisible
 i - an amulet of faith (around neck)
 u - an uncursed amulet of regeneration {unknown}
 F - a ring of protection from magic (right hand)
 I - a ring of resist corrosion (left hand)
Wands
 l - a wand of flame (6)
 z - a wand of paralysis (44)
 C - a wand of iceblast (8)
 M - a wand of clouds (10)
 U - a wand of digging (23)
Scrolls
 m - 5 scrolls of magic mapping
 n - 2 scrolls of blinking
 o - 5 scrolls of enchant armour
 p - 9 scrolls of remove curse {@r2}
 y - 2 scrolls of fear
 B - a scroll of fog {unknown}
 E - a scroll of immolation
 J - a scroll of amnesia
 K - a scroll of identify {@r1}
 W - 2 scrolls of teleportation {unknown}
 X - 2 scrolls of summoning
Potions
 e - 2 potions of mutation
 g - a potion of haste {unknown}
 j - 3 potions of brilliance
 k - a potion of cancellation {unknown}
 q - 2 potions of agility {unknown}
 t - 5 potions of curing {@q1}
 w - 2 potions of magic {unknown}
 A - 2 potions of ambrosia {unknown}
 G - 2 potions of degeneration {unknown}
 R - a potion of berserk rage {unknown}
 S - 4 potions of flight
 T - a potion of lignification {unknown}
Comestibles
 c - 21 rations


   Skills:
 - Level 11.7 Fighting
 * Level 16.6 Axes
 - Level 10.7 Armour
 - Level 10.0 Dodging
   Level 4.1 Shields
 - Level 7.0 Evocations


You had 12 spell levels left.
You didn't know any spells.
Your spell library was empty.

Dungeon Overview and Level Annotations

Branches:
Dungeon (12/15)            Temple (0/1) D:5            Lair (4/6) D:11
 Spider (0/4) Lair:2          Orc (0/2) D:11
  Swamp: Lair:2-4    Shoals: Lair:2-4

Altars:
Dithmenos
Nemelex Xobeh
Qazlal
Ru
Sif Muna
Uskayaw
Xom
Yredelemnul
Zin

Annotations:
D:6 2 transporters, Karim's ghost, amateur GnAK
Lair:3 1 runed door, exclusion: oklob plant, Hinish's ghost, journeyman DDFi


Innate Abilities, Weirdness & Mutations

You reflexively headbutt those who attack you in melee.
You have a pair of horns on your head.


Message History

You hear an angry hiss.
A black mamba comes into view.
As you read the scroll labeled WOVYLLO YPSAR, it crumbles to dust.
Wisps of shadow whirl around you...
It was a scroll of summoning.
A killer bee comes into view.
The killer bee stings you but does no damage.
The four-headed hydra is engulfed in blazing flames.
The four-headed hydra bites you but does no damage. x2
The four-headed hydra barely misses you. x2
You miss the killer bee. You barely miss the four-headed hydra.
The killer bee misses you. The killer bee completely misses you.
Your porcupine is engulfed in blazing flames.
Your porcupine closely misses the killer bee.
The killer bee barely misses you. You furiously retaliate!
You headbutt the killer bee!
The four-headed hydra is engulfed in blazing flames.
The four-headed hydra bites you but does no damage.
The four-headed hydra completely misses you.
The four-headed hydra bites you!
You die...

.. .#. .... .# ##..# #
#..# .##.##. ##yS#
..#.§##yH# .#rr@D#
#.#.#y#§# .# ##P#.#..#####
. # .#..#.#.#####.### #.
..# .#.#.#.#.##....#####
#. .##.#.#P#..#..P......#
#!. #...#.#.#..##...#....#
#..#.#....#....#....#...##
.#
#!..##.P.#..#.##..###...#


You could see a four-headed hydra, a manticore (inner flame), a black mamba, 3
killer bees and 2 friendly porcupines.

Vanquished Creatures
  A minotaur (Lab)
  2 hydras
  2 two-headed ogres
  Urug (D:10)
  Sonja (D:10)
  An orc knight (Bailey)
  Pikel (D:6)
  An orc sorcerer (Bailey)
  An ugly thing (D:12)
  An elephant (Lair:4)
  2 black mambas
  9 spiny frogs
  A kobold demonologist (Bailey)
  2 rime drakes
  2 komodo dragons
  A minotaur skeleton (Lab)
  A troll (D:11)
  2 meliai (Lair:4)
  2 polar bears
  A hornet (Lair:2)
  7 blink frogs
  9 hippogriffs
  7 spriggans
  A wyvern (Lair:2)
  A redback (Lab)
  36 yaks
  A human (D:8)
  A basilisk (Lair:3)
  2 steam dragons (D:9)
  4 hungry ghosts
  8 water moccasins
  2 porcupines
  An ice beast (D:5)
  2 slaves (D:6)
  A phantom (D:6)
  3 sky beasts
  2 necrophages
  8 orc warriors
  3 black bears
  9 wolves (Lair:3)
  3 centaurs
  5 ogres
  6 crocodiles
  3 big kobolds
  5 bullfrogs
  2 gnoll sergeants
  A wyvern skeleton (D:6)
  5 scorpions
  19 killer bees
  4 howler monkeys
  5 wights (D:8)
  2 crimson imps
  2 quasits
  3 bullfrog zombies
  2 hounds
  3 jellies
  An orc priest (D:8)
  A gnoll shaman (D:4)
  12 orc wizards
  2 centaur skeletons (D:11)
  2 centaur zombies
  3 iguanas
  12 worker ants
  20 gnolls
  15 adders
  2 oozes
  An adder zombie (D:8)
  2 adder skeletons
  3 worms
  2 dart slugs
  8 leopard geckos
  39 orcs
  3 ball pythons
  10 bats
  5 giant cockroaches
  18 goblins
  9 hobgoblins
  15 kobolds
  4 quokkas
  3 frilled lizards
  2 quokka zombies
  5 rats
  3 fungi
415 creatures vanquished.

Vanquished Creatures (others)
  A slave (D:6)
  A hound (D:6)
  An orc (Bailey)
  A giant cockroach (D:6)
  2 fungi
  A plant (Lair:4)
7 creatures vanquished.

Grand Total: 422 creatures vanquished

Notes
Turn   | Place    | Note
-------+----------+-------------------------------------------
     0 | D:1      | Megalobster the Minotaur Berserker began the quest for the
                  | Orb.
     0 | D:1      | Reached XP level 1. HP: 19/19 MP: 0/0
    93 | D:1      | Reached skill level 4 in Axes
   226 | D:1      | Reached XP level 2. HP: 26/27 MP: 1/1
   866 | D:2      | Reached XP level 3. HP: 14/33 MP: 2/2
  1073 | D:2      | Found a deep blue altar of Sif Muna.
  1193 | D:2      | Reached skill level 5 in Axes
  1196 | D:2      | Reached ** piety under Trog
  1556 | D:3      | Reached XP level 4. HP: 40/41 MP: 3/3
  2030 | D:3      | Reached skill level 6 in Axes
  2050 | D:3      | Found a hide-covered altar of Uskayaw.
  2441 | D:4      | Reached XP level 5. HP: 44/47 MP: 4/4
  2549 | D:4      | Reached skill level 5 in Fighting
  2999 | D:4      | Found a basalt altar of Yredelemnul.
  2999 | D:4      | Found a glowing silver altar of Zin.
  3050 | D:4      | Reached skill level 7 in Axes
  3050 | D:4      | Reached XP level 6. HP: 45/56 MP: 5/5
  3058 | D:4      | Reached *** piety under Trog
  3195 | D:4      | Found a sparkling altar of Nemelex Xobeh.
  3438 | D:5      | Entered Level 5 of the Dungeon
  3493 | D:5      | Noticed an ice beast
  3500 | D:5      | Found a staircase to the Ecumenical Temple.
  3577 | D:5      | Reached XP level 7. HP: 63/63 MP: 6/6
  3685 | D:5      | Reached skill level 8 in Axes
  4022 | D:6      | Found Jixenlee's General Store.
  4042 | D:6      | Found a shadowy altar of Dithmenos.
  4105 | D:6      | Noticed Pikel
  4164 | D:6      | Killed Pikel
  4164 | D:6      | Reached skill level 9 in Axes
  4164 | D:6      | Reached XP level 8. HP: 71/71 MP: 7/7
  4197 | D:6      | Found a transporter.
  4197 | D:6      | Found a transporter.
  4199 | D:6      | Noticed Karim's ghost (amateur GnAK)
  4499 | D:6      | Reached skill level 5 in Armour
  5055 | D:7      | Found a flagged portal.
  5060 | D:7      | Reached **** piety under Trog
  5109 | Bailey   | Entered a bailey
  5133 | Bailey   | Noticed an orc knight
  5147 | Bailey   | Killed an orc knight
  5147 | Bailey   | Reached skill level 10 in Axes
  5147 | Bailey   | Reached skill level 5 in Dodging
  5147 | Bailey   | Reached XP level 9. HP: 59/80 MP: 8/8
  5262 | Bailey   | Found an iron altar of Okawaru.
  5262 | Bailey   | Noticed a kobold demonologist
  5262 | Bailey   | Noticed an orc sorcerer
  5281 | Bailey   | Killed a kobold demonologist
  5293 | Bailey   | Killed an orc sorcerer
  5563 | Bailey   | Received a gift from Trog
  5570 | Bailey   | Reached skill level 1 in Evocations
  6832 | D:8      | Reached skill level 11 in Axes
  7026 | D:8      | Reached XP level 10. HP: 89/89 MP: 12/12
  7959 | D:9      | Reached skill level 5 in Evocations
  7985 | D:9      | Reached ***** piety under Trog
  7995 | D:9      | Found a stormy altar of Qazlal.
  8168 | D:9      | Found a sacrificial altar of Ru.
  8453 | D:10     | Entered Level 10 of the Dungeon
  8618 | D:10     | Noticed a two-headed ogre
  8624 | D:10     | Killed a two-headed ogre
  8624 | D:10     | Reached skill level 12 in Axes
  8797 | D:10     | Noticed Urug
  8815 | D:10     | Killed Urug
  9432 | D:10     | Noticed Sonja
  9459 | D:10     | Killed Sonja
  9459 | D:10     | Reached XP level 11. HP: 82/97 MP: 14/14
  9824 | D:11     | Received a gift from Trog
 10771 | D:11     | Noticed a seven-headed hydra
 10782 | D:11     | Killed a ten-headed hydra
 10782 | D:11     | Reached skill level 13 in Axes
 11031 | D:11     | Upgraded the game from 0.23-a0-207-g93a313e to
                  | 0.23-a0-208-gb6b040f
 11054 | D:11     | Reached skill level 10 in Fighting
 11153 | D:11     | Found a staircase to the Orcish Mines.
 11318 | D:11     | Found a staircase to the Lair.
 11413 | D:12     | Noticed a two-headed ogre
 11413 | D:12     | Noticed a cyan ugly thing
 11416 | D:12     | Killed a two-headed ogre
 11416 | D:12     | Received a gift from Trog
 11420 | D:12     | Killed a cyan ugly thing
 11556 | Lair:1   | Entered Level 1 of the Lair of Beasts
 11911 | Lair:1   | Reached XP level 12. HP: 104/107 MP: 16/16
 12081 | Lair:1   | Reached skill level 14 in Axes
 12920 | Lair:2   | Found a labyrinth entrance.
 12945 | Lab      | Entered a labyrinth
 13149 | Lab      | Received a gift from Trog
 13448 | Lab      | Noticed a minotaur
 13462 | Lab      | Killed a minotaur
 13462 | Lab      | Reached skill level 10 in Armour
 13472 | Lab      | Got a crude leather armour
 13494 | Lab      | Identified the +0 leather armour "Trusted Companion" {rPois
                  | Regen+ Int+3 Slay+2} (You found it in a labyrinth)
 13937 | Lair:2   | Noticed a five-headed hydra
 13942 | Lair:2   | Killed a five-headed hydra
 13942 | Lair:2   | Reached skill level 15 in Axes
 14096 | Lair:2   | Found a hole to the Spider Nest.
 14423 | Lair:3   | Found a runed door.
 14425 | Lair:3   | Found a shimmering altar of Xom.
 14425 | Lair:3   | Noticed Hinish's ghost (journeyman DDFi)
 14716 | Lair:3   | Reached XP level 13. HP: 112/117 MP: 17/17
 14736 | Lair:3   | Received a gift from Trog
 14783 | Lair:3   | Reached skill level 10 in Dodging
 15202 | Lair:4   | Reached skill level 16 in Axes
 15414 | Lair:4   | Identified a scroll of acquirement
 15415 | Lair:4   | Found the +8 Wrath of Trog {antimagic, *Rage}
 15416 | Lair:4   | Slain by a four-headed hydra

Vault maps used:
D:1:      dpeg_arrival_simpleton_c, minivault_5, minmay_tetromino_o4
D:2:      led_sif_pool
D:3:      nicolae_overflow_crystal_walls, minmay_misc_feat_rugged, minivault_26,
          minmay_randomly_rotated_circles
D:4:      old_standard_altar, gammafunk_temple_overflow_wave, first_ration
D:5:      minmay_temple_entry_overgrown
D:6:      cheibrodos_quashed, serial_shops, nicolae_shop_window_shopping,
          gammafunk_ghost_mausoleum, basic_altar, grunt_decor_cap,
          minmay_misc_feat_secret_circle, uniq_pikel
D:7:      enter_bailey_3
D:8:      grunt_pizzeria, kennysheep_generic_room_14
D:9:      lemuel_doored_altar, nicolae_ru_the_path_less_chosen
D:10:     uniq_urug, uniq_sonja
D:11:     grunt_lair_entry_orc_guard_hut, david_orc_2,
          portal_ice_cave_entry_pillars_1
Lair:1:   kb_forest_paths, st_stairs_13
Lair:2:   nicolae_spider_entry_non_spiders, lab_entry_generic
Lair:3:   minmay_lair_oklob_tunnel, ebering_ghost_xom, forest_entry_grove
Lair:4:   regret_index_wax_grids, swamp_mist, infiniplex_staircase_pool_2,
          grunt_megastairs_3, lemuel_fruit_tree
Lab:      lab_hedge, nicolae_lab_flowing_pool, lab_statue,
          nicolae_lab_big_swirl, nicolae_lab_dead_end
Bailey:   bailey_axe_of_yendor_kennysheep, bailey

Skill      XL: |  1  2  3  4  5  6  7  8  9 10 11 12 13 |
---------------+----------------------------------------+-----
Axes           | 4 5 6 7 9 10 11 12 13 15 16 | 16.6
Fighting       | 4 5 6 7 8 9 10 11 | 11.7
Armour         | 3 4 5 6 7 9 10 | 10.7
Dodging        | 4 5 6 7 8 9 10 | 10.0
Shields        | 2 3 4 |  4.1
Evocations     | 4 6 7 |  7.0

Action                   |  1- 3 |  4- 6 |  7- 9 | 10-12 | 13-15 || total
-------------------------+-------+-------+-------+-------+-------++-------
Melee: Hand axe          |    75 |    53 |       |       |       ||   128
       Headbutt          |    10 |    11 |    44 |   120 |    13 ||   198
       War axe           |       |    65 |   209 |   300 |       ||   574
       Battleaxe         |       |       |       |   202 |     5 ||   207
       Flail             |       |       |       |     2 |       ||     2
       Executioner's axe |       |       |       |       |    60 ||    60
Throw: Stone             |       |     7 |       |     2 |       ||     9
Invok: Berserk           |     3 |     5 |     8 |    16 |     1 ||    33
       Trog's Hand       |       |     1 |     5 |     5 |     1 ||    12
Evoke: Wand              |       |       |       |     1 |       ||     1
  Use: Scroll            |       |     5 |     2 |     6 |     9 ||    22
       Potion            |       |       |     1 |       |     3 ||     4
  Eat: Chunk             |     5 |     7 |    11 |    15 |     2 ||    40
       Ration            |       |     1 |     3 |     9 |     1 ||    14
Armor: Animal skin       |     5 |       |       |       |       ||     5
       Scale mail        |    28 |    42 |    62 |   169 |       ||   301
       Plate armour      |       |       |       |   119 |    61 ||   180
Dodge: Dodged            |    60 |    70 |   125 |   294 |    94 ||   643
Block: Buckler           |       |       |    31 |    50 |       ||    81

Table legend:
 A = Non-vault XP
 B = Vault XP
 C = Vault XP percentage of total XP
 D = Non-vault monster count
 E = Vault monster count
 F = Vault count percentage of total count
                 A         B        C        D         E       F
            +---------+---------+-------+---------+---------+-------
      Total |   31836 |   13464 |  29.7 |     299 |     111 |  27.1
            +---------+---------+-------+---------+---------+-------
        D:1 |      17 |       6 |  26.1 |      11 |       4 |  26.7
        D:2 |      69 |       0 |   0.0 |      14 |       0 |   0.0
        D:3 |      67 |      36 |  35.0 |      19 |       6 |  24.0
        D:4 |     275 |       0 |   0.0 |      18 |       0 |   0.0
        D:5 |     623 |       0 |   0.0 |      19 |       0 |   0.0
        D:6 |     540 |     617 |  53.3 |      10 |       1 |   9.1
        D:7 |     206 |       8 |   3.7 |       3 |       4 |  57.1
        D:8 |    1308 |     192 |  12.8 |      28 |       2 |   6.7
        D:9 |    2406 |       0 |   0.0 |      39 |       0 |   0.0
       D:10 |    1447 |    1626 |  52.9 |      20 |       2 |   9.1
       D:11 |    5064 |     686 |  11.9 |      41 |      11 |  21.2
       D:12 |    1690 |       0 |   0.0 |       4 |       0 |   0.0
     Lair:1 |    5690 |    1234 |  17.8 |      23 |       6 |  20.7
     Lair:2 |    3651 |     532 |  12.7 |      12 |       8 |  40.0
     Lair:3 |    5269 |    1205 |  18.6 |      28 |       7 |  20.0
     Lair:4 |    2253 |    4058 |  64.3 |       9 |      25 |  73.5
        Lab |    1261 |    1114 |  46.9 |       1 |       5 |  83.3
     Bailey |       0 |    2150 | 100.0 |       0 |      30 | 100.0
            +---------+---------+-------+---------+---------+-------
